 Dungeon Crawl Stone Soup version 0.17.1-3-g152610e (webtiles) character file.

292 Zhenya25pyc the Cudgeler (level 6, -1/39 HPs)
             Began as a Gargoyle Fighter on Apr 8, 2016.
             Slain by an ogre
             ... wielding a +0 giant spiked club
              (10 damage)
             ... on level 4 of the Dungeon.
             The game lasted 00:06:56 (2158 turns).

Zhenya25pyc the Cudgeler (Gargoyle Fighter)         Turns: 2158, Time: 00:06:56

Health: -1/39      AC: 17    Str: 22    XL:     6   Next: 33%
Magic:  6/6        EV:  5    Int:  8    God:
Gold:   77         SH:  9    Dex:  9    Spells: 0 memorised, 5 levels left

rFire  . . .     SeeInvis +     a - +0 flail
rCold  . . .     Clarity  .     r - +0 chain mail
rNeg   + . .     SustAt   .     c - +0 shield
rPois  ∞         Gourm    .     g - +0 helmet
rElec  +         Spirit   .     x - +0 cloak
rCorr  .         Warding  .     l - +0 pair of gloves {archery}
rMut   .         Stasis   .     (no boots)
MR     .....                    (no amulet)
Stlth  ..........               n - ring of see invisible
                                h - ring of invisibility

@: not resistant to hostile enchantments, extremely unstealthy
A: negative energy resistance 1, electricity resistance, unbreathing,
petrification resistance, rot immunity, AC +4
a: Evoke Invisibility


You were on level 4 of the Dungeon.
You were not hungry.

You visited 1 branch of the dungeon, and saw 4 of its levels.

You collected 77 gold pieces.

Inventory:

Hand Weapons
 a - a +0 flail (weapon)
Armour
 c - a +0 shield (worn)
 g - a +0 helmet (worn)
 l - a +0 pair of gloves of archery (worn)
 r - a +0 chain mail (worn)
 x - a +0 cloak (worn)
Jewellery
 b - a +3 ring of slaying {unknown}
 h - a ring of invisibility (left hand)
 n - a ring of see invisible (right hand)
Wands
 o - a wand of random effects (31)
Scrolls
 f - 3 scrolls of blinking {unknown}
 i - 2 scrolls of amnesia {unknown}
 k - 2 scrolls of teleportation {unknown}
 q - a scroll of enchant armour {unknown}
 v - 3 scrolls of identify {unknown}
 w - a scroll of remove curse {unknown}
Potions
 d - a potion of might
 j - 2 potions of invisibility {unknown}
 m - a potion of ambrosia {unknown}
 p - a potion of brilliance {unknown}
 t - 2 potions of curing {unknown}
Comestibles
 e - 4 bread rations
 s - 3 fruits


   Skills:
 + Level 4.4 Fighting
 * Level 4.8 Maces & Flails
 + Level 4.8 Armour
 - Level 3.2 Shields


You had 5 spell levels left.
You didn't know any spells.

Dungeon Overview and Level Annotations

Branches:
Dungeon (4/15)
 Temple: D:4-7

Altars:
Cheibriados


Innate Abilities, Weirdness & Mutations

You are resistant to torment.
Your stone body is resilient (AC +4).
You are immune to poison.
You resist negative energy.
You are resistant to electric shocks.
You can survive without breathing.
You are immune to petrification.
You are immune to rotting.


Message History

The orc wizard is moderately wounded.
The orc wizard points at you and mumbles some strange words.
The puff of frost hits you!
* * * LOW HITPOINT WARNING * * *
You thump the orc wizard!
The orc wizard is almost dead.
You block the orc wizard's attack.
You hit the orc wizard.
You kill the orc wizard!
You hit the ogre but do no damage. You block the ogre's attack.
You hit the ogre but do no damage.
The ogre hits you with a giant spiked club.
* * * LOW HITPOINT WARNING * * *
You hit the ogre.
The ogre is lightly wounded.
You block the ogre's attack.
You hit the ogre.
The ogre is moderately wounded.
The ogre hits you with a giant spiked club!
You die...

#.### #.....###.###.##
#...# #........## ##.##
###.# #.....#.## ##.#
#.# #.....##.## ##.##
#.# #.....###.###.##
#.# ###.### ##.#.##
####.### #.# ##..#
#......#####.########.#
#.##.#...@Oo.$....# #.#
# #.#.#####(####.# #.#
#...# .# ..# ###.# ..
### ..# ... ###


ooo# o.># .O.# You could see an ogre and an orc.

Vanquished Creatures
  2 scorpions (D:4)
  2 orc wizards (D:4)
  A worker ant (D:4)
  Robin (D:2)
  5 adders
  An ooze (D:1)
  A worm (D:2)
  3 giant geckos
  3 orcs
  A ball python (D:3)
  2 giant cockroaches (D:1)
  11 goblins
  4 hobgoblins (D:2)
  3 jackals (D:1)
  3 quokkas
  10 bats
  2 giant newts
  3 kobolds
  10 rats
68 creatures vanquished.

Notes
Turn   | Place    | Note
--------------------------------------------------------------
     0 | D:1      | Zhenya25pyc the Gargoyle Fighter began the quest for the Orb.
     0 | D:1      | Reached XP level 1. HP: 14/14 MP: 1/1
   185 | D:1      | Reached XP level 2. HP: 19/19 MP: 2/2
   488 | D:2      | Reached XP level 3. HP: 23/23 MP: 3/3
   628 | D:2      | Noticed Robin
   664 | D:2      | Reached skill level 4 in Armour
   664 | D:2      | Reached XP level 4. HP: 14/28 MP: 4/4
   688 | D:2      | Killed Robin
  1557 | D:3      | Reached XP level 5. HP: 33/33 MP: 5/5
  1609 | D:3      | Found a snail-covered altar of Cheibriados.
  2124 | D:4      | Reached XP level 6. HP: 24/39 MP: 6/6
  2136 | D:4      | Noticed an ogre
  2158 | D:4      | Slain by an ogre

Action                   |  1- 3 |  4- 6 || total
-------------------------+-------+-------++-------
Melee: Flail             |    99 |   207 ||   306
Throw: Tomahawk          |       |     2 ||     2
Evoke: Wand              |       |     1 ||     1
  Eat: Chunk             |       |     4 ||     4
       Fruit             |       |     1 ||     1
